 Dungeon Crawl Stone Soup version 0.20-a0-526-g753eaab (webtiles) character file.

2083 Duffy the Chopper (level 9, -7/69 HPs)
             Began as a Centaur Fighter on Jan 26, 2017.
             Was a Priest of Makhleb.
             Mangled by an orc warrior
             ... wielding a +4 war axe
              (23 damage)
             ... in a bailey.
             The game lasted 00:11:00 (10148 turns).

Duffy the Chopper (Centaur Fighter)                Turns: 10148, Time: 00:11:00

Health: -7/69      AC: 11    Str: 27    XL:     9   Next: 6%
Magic:  10/10      EV:  4    Int:  7    God:    Makhleb [***...]
Gold:   328        SH: 11    Dex:  9    Spells: 8/8 levels left

rFire    + . .     SeeInvis .   x - +1 flail (venom)
rCold    . . .     Gourm    .   G - +0 plate armour
rNeg     . . .     Faith    .   c - +0 shield
rPois    .         Spirit   .   (no helmet)
rElec    .         Reflect  .   g - +1 cloak
rCorr    .         Harm     .   (no gloves)
MR       .....                  (no barding)
Stlth    ..........             (no amulet)
Regen    0.3/turn               (no ring)
                                y - ring of protection from fire

@: mighty, marked, very quick
A: hooves 3, deformed body, speed 2, tough skin 3
a: Minor Destruction, Lesser Servant of Makhleb, Renounce Religion


You were in a bailey.
You worshipped Makhleb.
Makhleb was most pleased with you.
You were hungry.

You visited 1 branch of the dungeon, and saw 7 of its levels.
You also visited: Bailey.

You collected 328 gold pieces.

Inventory:

Hand Weapons
 a - a +1 war axe
 x - a +1 flail of venom (weapon)
Missiles
 D - 2 throwing nets (quivered)
Armour
 c - a +0 shield (worn)
 g - a +1 cloak (worn)
 G - a +0 plate armour (worn)
Jewellery
 w - an uncursed ring of ice
 y - a ring of protection from fire (left hand)
Wands
 p - a wand of digging (13/24)
Scrolls
 e - 6 scrolls of remove curse
 h - 4 scrolls of enchant weapon
 i - a scroll of enchant armour
 k - a scroll of recharging
 o - 2 scrolls of teleportation
 r - a scroll of random uselessness {unknown}
 s - a scroll of fog
 u - a scroll of blinking {unknown}
 z - a scroll of magic mapping {unknown}
Potions
 b - a potion of berserk rage {unknown}
 l - a potion of brilliance {unknown}
 q - a potion of agility {unknown}
 t - 2 potions of curing
 A - a potion of resistance {unknown}
 B - 2 potions of flight
 C - 2 potions of ambrosia
 E - a potion of mutation {unknown}
 F - a potion of magic {unknown}
Comestibles
 f - 4 bread rations
 j - 3 chunks of flesh
 m - 3 royal jellies
 n - 3 fruits
 v - 6 meat rations


   Skills:
 - Level 3.0 Fighting
 + Level 7.8 Axes
 - Level 2.1 Armour
 + Level 6.6 Shields
 + Level 2.6 Invocations


You had 8 spell levels left.
You didn't know any spells.

Dungeon Overview and Level Annotations

Branches:
Dungeon (7/15)             Temple (0/1) D:6

Altars:
Ashenzari
Gozag
Makhleb
Qazlal
Trog
Uskayaw
Xom
Yredelemnul
The Shining One

Shops:
D:5 }   D:6 [


Innate Abilities, Weirdness & Mutations

You have hooves in place of feet.
Armour fits poorly on your strangely shaped body.
You cover ground very quickly.
You have extremely tough skin. (AC +3)


Message History

The orc warrior is moderately wounded.
The kobold throws a tomahawk of returning.
You block the tomahawk of returning.
The weapon returns to the kobold!
The kobold throws a tomahawk of returning.
The tomahawk of returning hits you but does no damage.
The weapon returns to the kobold!
The kobold throws a tomahawk of returning.
You block the tomahawk of returning.
The weapon returns to the kobold!
The orc warrior hits you with an enchanted war axe!
An orc comes into view. It is wielding a hand axe.
You hit the orc warrior.
The orc warrior is poisoned.
Your kick misses the orc warrior.
The orc warrior is heavily wounded.
The kobold throws a tomahawk of returning.
The tomahawk of returning hits you but does no damage.
The kobold throws a tomahawk of returning.
The tomahawk of returning hits you but does no damage.
The weapon returns to the kobold!
The orc warrior hits you with an enchanted war axe!!
You die... #~.~# K~.~K ##~o~## K~o~K

###~.~###
.K~g~K.
#'###~o~###+#
#....~o~K...#
#'###~@~###+#
#..KK~(~K...#
#+###~.~###+#
#...K~(~K...#
######(######
#.\.# #^.^#
#.\.# #####


You could see 3 orc warriors, a gnoll, an orc and 12 kobolds.

Vanquished Creatures
  A sky beast (D:5)
  2 orc warriors
  3 ogres
  The ghost of Torious the Conjurer, an amateur DECj of Sif Muna (D:4)
  A gnoll sergeant (D:3)
  2 scorpions
  3 howler monkeys
  3 crimson imps
  7 orc priests
  4 gnoll shamans
  2 hounds
  An iguana (D:5)
  Ijyb (D:2)
  Terence (D:2)
  An orc wizard (D:5)
  39 gnolls
  9 adders
  A shadow imp (D:6)
  2 oozes
  3 worms
  5 dart slugs
  3 leopard geckos
  10 orcs
  5 giant cockroaches
  12 goblins
  10 hobgoblins
  36 jackals
  2 quokkas
  8 bats
  3 frilled lizards
  A jackal skeleton (D:6)
  5 kobolds
  8 rats
  A plant (D:3)
196 creatures vanquished.

Notes
Turn   | Place    | Note
-------+----------+-------------------------------------------
     0 | D:1      | Duffy the Centaur Fighter began the quest for the Orb.
     0 | D:1      | Reached XP level 1. HP: 19/19 MP: 1/1
    68 | D:1      | Reached skill level 2 in Axes
   112 | D:1      | Reached XP level 2. HP: 17/26 MP: 2/2
   521 | D:1      | Reached XP level 3. HP: 27/31 MP: 3/3
  1015 | D:2      | Noticed Ijyb
  1020 | D:2      | Killed Ijyb
  1028 | D:2      | Reached XP level 4. HP: 33/38 MP: 4/4
  1363 | D:2      | Reached skill level 3 in Axes
  1437 | D:2      | Found a shattered altar of Ashenzari.
  1572 | D:2      | Noticed Terence
  1590 | D:2      | Killed Terence
  1797 | D:2      | Reached XP level 5. HP: 32/45 MP: 5/5
  2634 | D:4      | Noticed an ogre
  2866 | D:3      | Killed an ogre
  2866 | D:3      | Reached skill level 4 in Axes
  2866 | D:3      | Reached XP level 6. HP: 36/51 MP: 6/6
  3010 | D:4      | Noticed Torious's ghost (amateur DECj)
  3031 | D:5      | Entered Level 5 of the Dungeon
  3245 | D:4      | Found a burning altar of Makhleb.
  3245 | D:4      | Found a basalt altar of Yredelemnul.
  3260 | D:4      | Became a worshipper of Makhleb the Destroyer
  3334 | D:5      | Noticed a sky beast
  3398 | D:5      | Killed a sky beast
  3933 | D:4      | Reached skill level 5 in Axes
  3933 | D:4      | Reached XP level 7. HP: 53/57 MP: 7/7
  3992 | D:3      | Found a hide-covered altar of Uskayaw.
  4391 | D:3      | Reached * piety under Makhleb
  4843 | D:3      | Reached skill level 5 in Shields
  5339 | D:3      | Reached skill level 6 in Axes
  5508 | D:3      | Reached ** piety under Makhleb
  5770 | D:3      | Reached XP level 8. HP: 63/63 MP: 8/8
  6338 | D:4      | Killed Torious's ghost
  7211 | D:5      | Found a stormy altar of Qazlal.
  7553 | D:5      | Found Lusoot's Gadget Emporium.
  7565 | D:5      | Reached skill level 7 in Axes
  7649 | D:5      | Found a shimmering altar of Xom.
  8537 | D:5      | Reached skill level 1 in Invocations
  8975 | D:6      | Found an opulent altar of Gozag.
  9067 | D:6      | Found a staircase to the Ecumenical Temple.
  9187 | D:6      | Reached *** piety under Makhleb
  9200 | D:6      | Found a bloodstained altar of Trog.
  9345 | D:6      | Found a glowing golden altar of the Shining One.
  9488 | D:6      | Found Haumium's Armour Boutique.
  9854 | D:7      | Reached XP level 9. HP: 14/69 MP: 10/10
 10115 | D:7      | Found a flagged portal.
 10122 | Bailey   | Entered a bailey
 10148 | Bailey   | Mangled by an orc warrior

Vault maps used:
D:1:      dpeg_arrival_simpleton_c, serial_corexii_hall, corexii_hall_statues_s,
          corexii_hall_statues_t, corexii_hall_statues_l, corexii_hall_statues_t
D:2:      evilmike_ruin_ashenzari, uniq_iyjb, uniq_terence
D:3:      lemuel_castle_with_subvaults, lemuel_crystal_altar,
          hangedman_decor_growths, nrook_uturn
D:4:      nicolae_overflow_hidden_temple
D:5:      lemuel_doored_altar, marbit_many_paths, first_bread, serial_shops,
          shop, minmay_misc_feat_rows
D:6:      overflow_temple_1_default, overflow_temple_1_default,
          kennysheep_mini_moat, lemuel_temple_firewalk_b, serial_shops,
          kennysheep_mini, serial_bayou_pond_a
D:7:      overflow_temple_1_default, enter_bailey_3, led_sif_book, uniq_duvessa
Bailey:   bailey_axe_1, bailey

Skill      XL: |  1  2  3  4  5  6  7  8 |
---------------+-------------------------+-----
Axes           | 2 3 4 5 6 7 |  7.8
Shields        | 3 4 5 6 |  6.6
Invocations    | 2 |  2.6
Fighting       | |  3.0
Armour         | |  2.1

Action                   |  1- 3 |  4- 6 |  7- 9 || total
-------------------------+-------+-------+-------++-------
Melee: War axe           |    91 |   223 |   457 ||   771
       Kick              |    19 |    47 |    85 ||   151
       Flail             |       |       |     6 ||     6
Evoke: Wand              |       |       |     5 ||     5
  Use: Scroll            |       |     5 |     4 ||     9
       Potion            |       |     1 |     1 ||     2
  Eat: Chunk             |       |     8 |    13 ||    21
       Bread ration      |       |       |     1 ||     1
Armor: Scale mail        |    33 |       |       ||    33
       Chain mail        |    20 |   129 |   206 ||   355
       Plate armour      |       |       |    42 ||    42
Dodge: Dodged            |    17 |    35 |    58 ||   110
Block: Shield            |    47 |   103 |   232 ||   382
